 Dungeon Crawl Stone Soup version 0.30.1-11-g7821555f0a (webtiles) character file.

Game seed: 8181434820447816027

15 Unglued128 the Magician (level 2, -2/23 HPs)
             Began as a Gnoll Wanderer on Nov 18, 2023.
             Slain by a gnoll
             ... wielding a +0 club
              (6 damage)
             ... on level 2 of the Dungeon.
             The game lasted 00:03:59 (810 turns).

Unglued128 the Magician (Gnoll Wanderer)             Turns: 810, Time: 00:04:00

Health: -2/23      AC:  6    Str:  9    XL:     2   Next: 50%
Magic:  10/10      EV: 11    Int: 13    God:
Gold:   89         SH:  0    Dex: 11    Spells: 15/15 levels left

rFire   . . .        a - +0 dagger
rCold   . . .        (no shield)
rNeg    . . .        d - +0 robe
rPois   .            (no helmet)
rElec   .            (no cloak)
rCorr   .            (no gloves)
SInv    .            (no boots)
Will    .....        (no amulet)
Stlth   +            f - +4 ring of protection
HPRegen 0.23/turn    (no ring)
MPRegen 0.12/turn

%: no passive effects
@: no status effects
A: fangs 1, strong nose, distributed training
a: no special abilities


You were on level 2 of the Dungeon.
You visited 1 branch of the dungeon, and saw 2 of its levels.

You collected 89 gold pieces.

Inventory:

Hand Weapons
 a - a +0 dagger (weapon)
Armour
 d - a +0 robe (worn)
Jewellery
 f - a +4 ring of protection (left hand)
Scrolls
 e - 2 scrolls of blinking
 g - a scroll of poison {unknown}
Potions
 b - 3 potions of haste
Miscellaneous
 c - a piece from Xom's chessboard (13/15) (quivered)


   Skills:
 + Level 2.5 Fighting
 + Level 0.5 Short Blades
 + Level 0.5 Long Blades
 + Level 0.5 Axes
 + Level 0.5 Maces & Flails
 + Level 0.5 Polearms
 + Level 0.5 Staves
 + Level 0.5 Ranged Weapons
 + Level 0.5 Throwing
 + Level 0.5 Armour
 + Level 0.5 Dodging
 + Level 0.5 Stealth
 + Level 0.5 Shields
 + Level 6.5 Unarmed Combat
 + Level 7.1 Spellcasting
 + Level 0.3 Conjurations
 + Level 0.3 Hexes
 + Level 0.3 Summonings
 + Level 0.3 Necromancy
 + Level 0.3 Translocations
 + Level 0.3 Transmutations
 + Level 0.3 Fire Magic
 + Level 0.3 Ice Magic
 + Level 2.0 Air Magic
 + Level 0.3 Earth Magic
 + Level 0.3 Poison Magic
 + Level 0.6 Invocations
 + Level 4.5 Evocations


You had 15 spell levels left.
You didn't know any spells.
Your spell library contained the following spells:

 Spells                   Type           Power      Damage    Failure   Level
 Static Discharge         Conj/Air       14%        2-3/arc   14%         2
 Cigotuvi's Dreadful Rot  Necr/Pois/Air  14%        N/A       16%         2


Dungeon Overview and Level Annotations

Branches:
Dungeon (2/15)

Altars:

Shops:
D:1 (


Innate Abilities, Weirdness & Mutations

You have very sharp teeth.
Your uncanny sense of smell can sniff out nearby items.
Your experience applies equally to all skills.


Message History

You hit the gnoll but do no damage. You barely miss the gnoll.
The gnoll hits you with a +0 club. The gnoll hits you with a +0 club.
You closely miss the gnoll. The gnoll barely misses you.
You closely miss the gnoll. The gnoll hits you with a +0 club.
You hit the gnoll.
The gnoll is lightly wounded.
The gnoll hits you but does no damage.
You hit the gnoll.
The gnoll is moderately wounded.
The gnoll hits you with a +0 club.
You hit the gnoll but do no damage.
The gnoll is moderately wounded.
The gnoll hits you with a +0 club.
You make a move on Xom's chessboard...
The gnoll twists and deforms.
You make a move on Xom's chessboard...
The gnoll seems to slow down.
You closely miss the gnoll. You hit the gnoll but do no damage.
Your bite misses the gnoll. You hit the gnoll but do no damage.
The gnoll hits you with a +0 club.
You barely miss the gnoll. The gnoll hits you but does no damage.
You closely miss the gnoll. You punch the gnoll.
The gnoll is moderately wounded.
The gnoll barely misses you.
You hit the gnoll.
The gnoll is heavily wounded.
The gnoll hits you with a +0 club.
* * * LOW HITPOINT WARNING * * *
You hit the gnoll.
The gnoll is severely wounded.
The gnoll barely misses you.
You hit the gnoll.
The gnoll is severely wounded.
The gnoll hits you but does no damage.
You hit the gnoll.
The gnoll is almost dead.
The gnoll closely misses you.
You hit the gnoll but do no damage.
The gnoll is almost dead.
The gnoll hits you with a +0 club.
You die...

∆ #.....###.#.#.##
#.....# #.......
#.....###.#.##.#
#.^.........##.#
########....##.#
##### #....##.#
###...# #.#.###.#
#...#.# #.......# #
#@#...# ###.#####
#.##.##g##.#######.#
#..w..gg##.........#
##.##.##############
#. .. 8## .# ..


You could see 3 gnolls.

Vanquished Creatures
  A dart slug (D:1)
  4 bats
  3 goblins (D:1)
  A quokka (D:1)
  2 frilled lizards (D:1)
  2 rats (D:1)
13 creatures vanquished.

Notes
Turn   | Place    | Note
-------+----------+-------------------------------------------
     0 | D:1      | Unglued128 the Gnoll Wanderer began the quest for the Orb.
     0 | D:1      | Unglued128 set off with the following items: a +0 dagger, a
                  | potion of haste, a piece from Xom's chessboard (15/15), a
                  | +0 robe, 2 scrolls of blinking; and the following spells
                  | available to memorise: Static Discharge, Cigotuvi's
                  | Dreadful Rot.
     0 | D:1      | Reached XP level 1. HP: 17/17 MP: 8/8
    40 | D:1      | Found Dumi's Antique Weapon Shoppe.
   143 | D:1      | Found a faded altar of an unknown god.
   245 | D:1      | Reached XP level 2. HP: 20/23 MP: 10/10
   810 | D:2      | Slain by a gnoll

Illustrated notes

Levels and vault maps discovered:
D:1:      dpeg_arrival_tiny_d, layout_basic, serial_shops,
          nicolae_shop_hallway_plus, hellmonk_ecumenical_altar_arch_garden
D:2:      layout_loops_cross, small_statue_intersection, minmay_tiny_reverse_x

Skill      XL: |  1 |
---------------+----+-----
Air Magic      | 2 |  2.0
Fighting       | |  2.5
Short Blades   | |  0.5
Long Blades    | |  0.5
Axes           | |  0.5
Maces & Flails | |  0.5
Polearms       | |  0.5
Staves         | |  0.5
Ranged Weapons | |  0.5
Throwing       | |  0.5
Armour         | |  0.5
Dodging        | |  0.5
Stealth        | |  0.5
Shields        | |  0.5
Unarmed Combat | |  6.5
Spellcasting   | |  7.1
Conjurations   | |  0.3
Hexes          | |  0.3
Summonings     | |  0.3
Necromancy     | |  0.3
Translocations | |  0.3
Transmutations | |  0.3
Fire Magic     | |  0.3
Ice Magic      | |  0.3
Earth Magic    | |  0.3
Poison Magic   | |  0.3
Invocations    | |  0.6
Evocations     | |  4.5

Action                     || total
---------------------------++-------
  Melee: Dagger            ||    72
         Bite              ||     3
         Punch             ||     2
  Evoke: Piece from Xom's  ||     2
    Use: Scroll            ||     2
   Stab: Sleeping          ||     1
 Armour: Robe              ||    34
  Dodge: Dodged            ||    44
